 Dungeon Crawl Stone Soup version 0.31.0-9-g3a7656b989 (webtiles) character file.

Game seed: 14706631975170908270

418 qw the Skirmisher (level 6, 0/35 HPs)
             Began as a Deep Elf Hunter on Feb 2, 2024.
             Succumbed to a scorpion's poison
             ... on level 4 of the Dungeon.
             The game lasted 00:00:08 (2548 turns).

qw the Skirmisher (Deep Elf Hunter)                 Turns: 2548, Time: 00:00:09

Health: 0/35       AC:  6    Str: 10    XL:     6   Next: 61%
Magic:  2/2        EV: 11    Int: 14    God:
Gold:   176        SH:  0    Dex: 18    Spells: 5/5 levels left

rFire   . . .        b - +0 orcbow (antimagic)
rCold   . . .        (shield currently unavailable)
rNeg    . . .        d - +0 ring mail
rPois   .            f - +1 hat
rElec   .            e - scarf {repulsion}
rCorr   .            (no gloves)
SInv    .            (no boots)
Will    +....        (no amulet)
Stlth   +            i - ring of willpower
HPRegen 0.25/turn    (no ring)
MPRegen 0.08/turn

%: repel missiles
@: lethally poisoned (0 -> -9)
A: no striking features
a: no special abilities


You were on level 4 of the Dungeon.
You visited 1 branch of the dungeon, and saw 5 of its levels.

You collected 176 gold pieces.


   Skills:
 - Level 2.3 Fighting
 + Level 9.8 Ranged Weapons
 - Level 3.3 Dodging
 - Level 1.2 Stealth


You had 5 spell levels left.
You didn't know any spells.
Your spell library was empty.

Inventory:

Hand Weapons
 b - a +0 antimagic orcbow (weapon)
Armour
 d - a +0 ring mail (worn)
 e - a scarf of repulsion (worn)
 f - a +1 hat (worn)
Jewellery
 i - a ring of willpower (left hand)
Wands
 j - a wand of iceblast (12)
Scrolls
 g - a scroll of teleportation
Potions
 h - a potion of haste
 k - a potion of heal wounds {unknown}
 n - a potion of berserk rage {unknown}
 p - 2 potions of cancellation
 q - a potion of magic {unknown}

Dungeon Overview and Level Annotations

Branches:
Dungeon (5/15)
 Temple: D:4-7

Altars:
Wu Jian


Message History

You see here a giant cockroach corpse.
A scorpion is nearby!
You shoot an arrow. The arrow hits the scorpion!
The scorpion is heavily wounded.
You shoot an arrow. The arrow closely misses the scorpion.
You shoot an arrow. The arrow barely misses the scorpion.
The scorpion stings you but does no damage.
You shoot an arrow.
The arrow hits the scorpion but does no damage.
The scorpion is heavily wounded.
The scorpion barely misses you. The scorpion stings you.
You shoot an arrow.
The arrow hits the scorpion but does no damage.
The scorpion is heavily wounded.
The scorpion stings you.
You are poisoned.
The scorpion poisons you!
You shoot an arrow. The arrow hits the scorpion.
The scorpion is heavily wounded.
You feel very sick. The scorpion stings you.
You are more poisoned.
The scorpion poisons you! The scorpion stings you.
You are lethally poisoned!
The scorpion poisons you!
You shoot an arrow. The arrow hits the scorpion!
You kill the scorpion!
You feel extremely sick.
There is a lethal amount of poison in your body!
You feel very sick.
There is a lethal amount of poison in your body!
You feel very sick.
There is a lethal amount of poison in your body!
You feel very sick.
You shoot an arrow. The arrow hits the endoplasm.
The endoplasm is heavily wounded.
You feel very sick.
You shoot an arrow. The arrow hits the endoplasm!
You kill the endoplasm!
You die...

#...# #.. #...#
#.......# #.¤
.####...######.......#
#.#.#.#?¤¤
.....%......##.......
#.....#..~
....J>..............
#....%).¤¤
.....h.##..........#
#.....#... ......##
..........# #.#.#.#...
....... ..........#
#.#.#.##.. ..###.#
.......@# #.###.#.#.##..
.. #.. .....##.#
#.........##.. . ...
##.####.#######.###.##.#
...
#.#.....######.##.....#
................##.....#
##.#.....#########.....#
....###### #.....# ....
.......# ... .........#


There were no monsters in sight!

Vanquished Creatures
  3 scorpions
  A howler monkey (D:5)
  A bombardier beetle (D:5)
  A jelly (D:3)
  4 adders (D:2)
  3 gnolls (D:3)
  4 dart slugs
  4 orcs
  6 bats
  4 endoplasms
  5 giant cockroaches
  6 goblins
  5 hobgoblins
  4 jackals (D:2)
  3 quokkas
  7 ball pythons
  2 frilled lizards (D:1)
  7 kobolds
  2 rats
72 creatures vanquished.

Notes
Turn   | Place    | Note
-------+----------+-------------------------------------------
     0 | D:1      | qw the Deep Elf Hunter began the quest for the Orb.
     0 | D:1      | Reached XP level 1. HP: 12/12 MP: 3/3
     0 | D:1      | 0 ||| qw: Version: 0.3-a-155-g5e7d8dd
     0 | D:1      | 0 ||| qw: Game counter: 2873
     0 | D:1      | 0 ||| qw: Melee chars always use a shield: true
     0 | D:1      | 0 ||| qw: God list: Okawaru
     0 | D:1      | 0 ||| qw: Allow faded altars: false
     0 | D:1      | 0 ||| qw: Do Orc after clearing Dungeon:15 true
     0 | D:1      | 0 ||| qw: Do second Lair branch before Depths: true
     0 | D:1      | 0 ||| qw: Lair rune preference: random
     0 | D:1      | 0 ||| qw: Goals: Normal
     0 | D:1      | 0 ||| PLANNING D:1-11
    63 | D:1      | Found a faded altar of an unknown god.
    71 | D:1      | Reached XP level 2. HP: 16/16 MP: 4/4
   245 | D:1      | Reached skill level 6 in Ranged Weapons
   811 | D:1      | 811 ||| UPGRADING to scarf of repulsion.
   816 | D:1      | 816 ||| UPGRADING to +1 hat.
   821 | D:1      | 821 ||| READING scroll labelled BUIXKA BAF.
   821 | D:1      | 821 ||| IDENTIFYING scroll labelled HYBOPIVUE
   822 | D:1      | 822 ||| DROPPING scroll of butterflies.
   861 | D:2      | Reached XP level 3. HP: 20/20 MP: 5/5
   931 | D:2      | Reached skill level 7 in Ranged Weapons
   943 | D:2      | HP: 3/20 [jackal (3)]
   944 | D:2      | 944 ||| READING 2 scrolls of teleportation.
   945 | D:2      | HP: 1/20 [jackal (2)]
  1123 | D:2      | Reached XP level 4. HP: 20/25 MP: 6/6
  1736 | D:2      | 1736 ||| UPGRADING to ring of willpower.
  1737 | D:2      | 1737 ||| READING scroll of identify.
  1737 | D:2      | 1737 ||| IDENTIFYING red potion
  1738 | D:2      | 1738 ||| READING scroll labelled JAUBOUCOTUA.
  1739 | D:2      | 1739 ||| READING scroll labelled BAFUMU FAUV.
  1740 | D:2      | 1740 ||| READING scroll labelled UDECZO QAFABA.
  1740 | D:2      | Identified a scroll of acquirement
  1740 | D:2      | 1740 ||| ACQUIRING +0 antimagic orcbow
  1740 | D:2      | Acquired a +0 antimagic orcbow
  1742 | D:2      | 1742 ||| SWAPPING to +0 antimagic orcbow.
  1743 | D:2      | 1743 ||| DROPPING +0 shortbow.
  1744 | D:2      | 1744 ||| READING scroll labelled ZAUNNE MALEAGH.
  1845 | D:2      | 1845 ||| READING scroll labelled RIGOMU FOXKUCH.
  1846 | D:2      | 1846 ||| DRINKING 3 viscous red potions.
  1847 | D:2      | 1847 ||| DROPPING potion of degeneration.
  1891 | D:3      | Reached skill level 8 in Ranged Weapons
  1920 | D:3      | Reached XP level 5. HP: 29/29 MP: 2/7
  2083 | D:3      | Identified the +8 whip "Iskogh" {chaos, rF+ Will+}
  2151 | D:3      | You fall into a shaft and drop 2 floors!
  2151 | D:5      | Entered Level 5 of the Dungeon
  2232 | D:5      | Reached skill level 9 in Ranged Weapons
  2245 | D:5      | Reached skill level 3 in Dodging
  2248 | D:5      | Reached XP level 6. HP: 30/35 MP: 2/8
  2271 | D:5      | 2271 ||| UPGRADING to +0 ring mail.
  2281 | D:5      | 2281 ||| DROPPING +0 leather armour.
  2282 | D:5      | 2282 ||| READING scroll of identify.
  2282 | D:5      | 2282 ||| IDENTIFYING sedimented puce potion
  2300 | D:4      | HP: 7/35 [hound (5)]
  2301 | D:4      | 2301 ||| READING 2 scrolls of teleportation.
  2302 | D:4      | HP: 2/35 [hound (5)]
  2438 | D:4      | Found an ornate altar of the Wu Jian Council.
  2545 | D:4      | HP: 8/35 [poisoned by a scorpion]
  2547 | D:4      | HP: 1/35 [poisoned by a scorpion]
  2548 | D:4      | Succumbed to a scorpion's poison

Levels and vault maps discovered:
D:1:      co_arrival_square_in_a_square_in_a_square, layout_loops_corners,
          nicolae_ecumenical_snake_handling
D:2:      layout_loops_ring, grunt_ministairs_6
D:3:      layout_loops_cross, gammafunk_ghost_cemetery, hangedman_glass_teeth,
          kennysheep_cluttered_room, uniq_sigmund
D:4:      layout_basic, nicolae_wu_jian_wuxing_cycle, temple_statues,
          minmay_misc_feat_five, nicolae_tricolors
D:5:      layout_loops_ring, mainiacjoe_overflow_small_starburst, minitemple,
          serial_undead, serial_undead_b, serial_undead_b, serial_undead_c,
          serial_undead_c, serial_shops, nicolae_shop_behind_doors,
          kennysheep_generic_room_3, uniq_eustachio

Skill      XL: |  1  2  3  4  5 |
---------------+----------------+-----
Ranged Weapons | 6 7 8 9 |  9.8
Dodging        | 3 |  3.3
Fighting       | 2 |  2.3
Stealth        | |  1.2

Action                     |  1- 3 |  4- 6 || total
---------------------------+-------+-------++-------
   Fire: Shortbow          |    96 |    46 ||   142
         Orcbow            |       |    75 ||    75
    Use: Scroll            |     2 |     8 ||    10
         Potion            |       |     1 ||     1
 Armour: Leather armour    |    38 |     9 ||    47
         Ring mail         |       |    25 ||    25
  Dodge: Dodged            |    46 |    31 ||    77

Table legend:
 A = Non-vault XP
 B = Vault XP
 C = Vault XP percentage of total XP
 D = Non-vault monster count
 E = Vault monster count
 F = Vault count percentage of total count
                 A         B        C        D         E       F
            +---------+---------+-------+---------+---------+-------
      Total |     580 |      20 |   3.3 |      67 |       5 |   6.9
            +---------+---------+-------+---------+---------+-------
        D:1 |      27 |       4 |  12.9 |      16 |       3 |  15.8
        D:2 |      99 |      16 |  13.9 |      30 |       2 |   6.2
        D:3 |      91 |       0 |   0.0 |       7 |       0 |   0.0
        D:4 |     181 |       0 |   0.0 |      10 |       0 |   0.0
        D:5 |     182 |       0 |   0.0 |       4 |       0 |   0.0
            +---------+---------+-------+---------+---------+-------
